 Dungeon Crawl Stone Soup version 0.31-a0-1005-gfbdfbacc72 (webtiles) character file.

Game seed: 13465163984304394698

2335 Ge0ff the Skirmisher (level 9, -2/56 HPs)
             Began as a Formicid Hedge Wizard on Nov 10, 2023.
             Was a Follower of Hepliaklqana.
             Slain by a white ugly thing (14 damage)
             ... on level 7 of the Dungeon.
             The game lasted 00:14:53 (9650 turns).

Ge0ff the Skirmisher (Formicid Hedge Wizard)        Turns: 9650, Time: 00:14:54

Health: -2/56      AC:  5    Str: 18    XL:     9   Next: 70%
Magic:  16/16      EV: 11    Int: 16    God:    Hepliaklqana [*.....]
Gold:   325        SH:  0    Dex: 14    Spells: 12/18 levels left

rFire   . . .        b - +0 orcbow
rCold   . . .        (no shield)
rNeg    . . .        A - +0 acid dragon scales
rPois   .            (helmet unavailable)
rElec   .            H - +0 cloak
rCorr   +            J - +0 pair of gloves
SInv    +            (no boots)
Will    .....        C - amulet of magic regeneration
Stlth   ++           (no ring)
HPRegen 0.29/turn    (no ring)
MPRegen 0.55/turn

%: no passive effects
@: no status effects
A: reduced essence, permanent stasis, dig shafts and tunnels, antennae 3, four
strong arms, deformed body, strong 1
a: Dig, Shaft Self, Renounce Religion, Recall Ancestor, Ancestor Identity


You were on level 7 of the Dungeon.
You worshipped Hepliaklqana.
Hepliaklqana was aware of your devotion.
You visited 2 branches of the dungeon, and saw 9 of its levels.
You also visited: Sewer.

You collected 325 gold pieces.

Inventory:

Hand Weapons
 a - the +1 morningstar of Foul Odours {spect, rPois rF+ Str+4 Dex+3}
   (You found it on level 3 of the Dungeon)

   Str+4:     It affects your strength (+4).
   Dex+3:     It affects your dexterity (+3).
   rF+:       It protects you from fire.
   rPois:     It protects you from poison
 b - a +0 orcbow (weapon)
 h - a +1 heavy sling
 y - a +5 trident of freezing
 B - a +2 halberd of draining
 D - a +3 flail of holy wrath
 N - a +5 flail of draining
 P - a +0 mace of draining
 S - a +0 dagger
Missiles
 L - 51 stones
 O - 17 poisoned darts
 U - 3 boomerangs
Armour
 z - a +0 kite shield
 A - +0 acid dragon scales (worn)
 G - a +0 leather armour
 H - a +0 cloak (worn)
 I - a +0 robe
 J - a +0 pair of gloves (worn)
Jewellery
 C - an amulet of magic regeneration (around neck)
Wands
 d - a wand of digging (5)
 k - a wand of iceblast (2)
Scrolls
 E - a scroll of fear
 F - a scroll of fog
 V - 2 scrolls of vulnerability
 Y - 3 scrolls of revelation {unknown}
Potions
 q - 5 potions of curing
 K - a potion of magic {!q}
 M - a potion of might
 Q - 2 potions of haste {unknown}
 R - 4 potions of resistance
 W - a potion of heal wounds {!q}
 Z - a potion of berserk rage {unknown}


   Skills:
 - Level 3.0 Fighting
 + Level 9.1 Ranged Weapons
 - Level 1.7 Dodging
 - Level 2.4 Stealth
 - Level 5.0 Spellcasting
 - Level 3.0 Conjurations
 - Level 2.0 Summonings
 - Level 0.8 Translocations
 - Level 3.0 Air Magic
 - Level 5.0 Poison Magic


You had 12 spell levels left.
You knew the following spells:

 Your Spells              Type           Power      Damage    Failure   Level
f - Mephitic Cloud        Conj/Pois/Air  15%        N/A       14%         3
k - Magic Dart            Conj           52%        1d5       6%          1
s - Call Imp              Summ           20%        N/A       13%         2

Your spell library contained the following spells:

 Spells                   Type           Power      Damage    Failure   Level
 Poisonous Vapours        Pois/Air       32%        N/A       6%          2
 Sting                    Tmut/Pois      48%        1d5       7%          1
 Cigotuvi's Dreadful Rot  Necr/Pois/Air  24%        N/A       11%         2
 Slow                     Hex            16%        N/A       21%         1
 Olgreb's Toxic Radiance  Pois           20%        N/A       26%         4
 Tukima's Dance           Hex            4%         N/A       52%         3
 Iskenderun's Mystic Bla  Conj/Tloc      10%        2d4       65%         4
 Dimensional Bullseye     Hex/Tloc       2%         N/A       86%         4
 Blink                    Tloc           Unusable   N/A       N/A         2

Dungeon Overview and Level Annotations

Branches:
Dungeon (8/15) Zot: 26038  Temple (1/1) D:5 Zot: 5961   Sewer (visited)
   Lair: D:8-11

Altars:
Ashenzari
Cheibriados
Dithmenos
Elyvilon
Gozag
Hepliaklqana
Kikubaaqudgha
Makhleb
Nemelex Xobeh
Okawaru
Qazlal
Ru
Wu Jian
Xom
Yredelemnul
Zin
The Shining One

Annotations:
D:7 exclusion: door


Innate Abilities, Weirdness & Mutations

Your life essence is reduced to manifest your ancestor. (-10% HP)
You cannot be hasted, slowed, berserked, paralysed or teleported.
You can dig through walls and to a lower floor.
You have a pair of large antennae on your head. (SInv)
Your four strong arms can wield two-handed weapons with a shield.
Armour fits poorly on your strangely shaped body.
Your muscles are strong. (Str +4, Int/Dex -1)


Message History

The white ugly thing freezes your cerulean imp!!
Your cerulean imp dies!
Your cerulean imp disappears in a puff of smoke!
Mage AssistANT hits the white ugly thing.
Casting: Call Imp (safe; 13% risk of failure)
Confirm with . or Enter, or press ? or * to list all spells.
A tiny devil pulls itself out of the air.
You swap places.
The white ugly thing gores your cerulean imp!
The white ugly thing freezes your cerulean imp!!
Your cerulean imp dies!
Your cerulean imp disappears in a puff of smoke!
Mage AssistANT hits the white ugly thing.
You shoot an arrow. The arrow hits the white ugly thing!
The white ugly thing is severely wounded.
The white ugly thing gores you! The white ugly thing freezes you!!
You are too injured to fight recklessly!
Casting: Call Imp (safe; 13% risk of failure)
Confirm with . or Enter, or press ? or * to list all spells.
A tiny devil pulls itself out of the air.
Mage AssistANT closely misses the white ugly thing.
The white ugly thing misses you.
Mage AssistANT hits the white ugly thing.
Your cerulean imp hits the white ugly thing from afar with a -3 spear.
You swap places.
The white ugly thing gores your cerulean imp.
The white ugly thing freezes your cerulean imp!!
Your cerulean imp dies!
Your cerulean imp disappears in a puff of smoke!
Fire: b) +0 orcbow
Press: ? - help, Q - select action, (/) - cycle Shift-Dir - straight line, f/p - white ugly thing
Aim: a white ugly thing (almost dead, ally target, 57% to hit)
You shoot an arrow. The arrow hits the white ugly thing!
The white ugly thing is almost dead.
Mage AssistANT barely misses the white ugly thing.
Fire: b) +0 orcbow
Press: ? - help, Q - select action, (/) - cycle Shift-Dir - straight line, f/p - white ugly thing
Aim: a white ugly thing (almost dead, ally target, 57% to hit)
You shoot an arrow.
The arrow closely misses the white ugly thing.
The white ugly thing gores you but does no damage.
Fire: b) +0 orcbow
Press: ? - help, Q - select action, (/) - cycle Shift-Dir - straight line, f/p - white ugly thing
Aim: a white ugly thing (almost dead, ally target, 57% to hit)
You shoot an arrow.
The arrow barely misses the white ugly thing.
The white ugly thing gores you!
* * * LOW HITPOINT WARNING * * *
The white ugly thing freezes you!
You die...

,*,* *,,......###
# #. #.# **,*
*,,****#...####.#.
#.# *,* *,,*
##....###..##.#
**,** *,,*
#.##...###รท#.#
,,,,****,,*
#.####.......#
,,,,,,,,,,* #.#
#########
,,,,,<,,,,* #R#
****,****** #u#
***,*,*********#@#
,,,,,>,,,........#
***,*,***#########
**,** ***


You could see the friendly Mage AssistANT the ancestor and a white ugly thing
(ally target).

Vanquished Creatures
  Maggie (D:6)
  A wyvern (D:7)
  Edmund (D:6)
  An ice beast (D:6)
  2 ogres
  A phantom (D:5)
  A centaur (D:7)
  A kobold brigand (D:6)
  Blork the orc (D:5)
  A gnoll sergeant (D:5)
  2 scorpions
  A bullfrog (D:7)
  7 wights
  A hound (D:4)
  An orc priest (D:5)
  An iguana (D:5)
  A hell rat (Sewer)
  5 gnolls
  9 adders
  2 river rats (Sewer)
  A shadow imp (D:7)
  2 white imps (D:5)
  2 ufetubi (D:6)
  11 orcs
  7 bats
  5 endoplasms
  2 giant cockroaches (D:3)
  A goblin (D:2)
  6 hobgoblins
  11 jackals
  13 kobolds
  3 quokkas
  6 ball pythons
  4 frilled lizards
  7 rats
122 creatures vanquished.

Vanquished Creatures (collateral kills)
  A gnoll sergeant (D:7)
  2 jellies (D:6)
  2 hounds (D:6)
  3 gnolls (D:7)
  An adder (D:6)
  A shadow imp (D:6)
  An orc (D:6)
11 creatures vanquished.

Vanquished Creatures (others)
  6 ancestors
6 creatures vanquished.

Grand Total: 139 creatures vanquished

Notes
Turn   | Place    | Note
-------+----------+-------------------------------------------
     0 | D:1      | Ge0ff the Formicid Hedge Wizard began the quest for the
                  | Orb.
     0 | D:1      | Reached XP level 1. HP: 13/13 MP: 4/4
    31 | D:1      | Reached skill level 1 in Conjurations
   259 | D:1      | Reached XP level 2. HP: 17/19 MP: 0/6
   326 | D:1      | Learned a level 2 spell: Call Imp
   798 | D:2      | Reached XP level 3. HP: 6/20 MP: 1/7
  2045 | D:2      | Reached skill level 1 in Fighting
  2177 | D:2      | Found a stormy altar of Qazlal.
  3086 | D:3      | Found a glowing drain.
  3095 | Sewer    | Entered a sewer
  3119 | Sewer    | Reached XP level 4. HP: 15/30 MP: 0/9
  3335 | Sewer    | Gained mutation: Armour fits poorly on your strangely
                  | shaped body. [potion of mutation]
  3335 | Sewer    | Gained mutation: Your muscles are strong. (Str +4, Int/Dex
                  | -1) [potion of mutation]
  3390 | Sewer    | Learned a level 3 spell: Mephitic Cloud
  3526 | D:3      | Found a faded altar of an unknown god.
  3671 | D:3      | Identified the +1 morningstar of Foul Odours {spect, rPois
                  | rF+ Str+4 Dex+3}
  3768 | D:3      | Reached XP level 5. HP: 26/38 MP: 11/11
  3918 | D:3      | Found a sparkling altar of Nemelex Xobeh.
  4305 | D:4      | Noticed an ogre
  4312 | D:3      | Killed an ogre
  4313 | D:3      | Reached skill level 1 in Air Magic
  4313 | D:3      | Reached skill level 1 in Poison Magic
  4313 | D:3      | Reached XP level 6. HP: 46/46 MP: 10/12
  5263 | D:5      | Entered Level 5 of the Dungeon
  5513 | D:5      | Reached skill level 1 in Ranged Weapons
  5513 | D:5      | Reached XP level 7. HP: 14/52 MP: 11/13
  5883 | D:5      | Found a staircase to the Ecumenical Temple.
  5977 | D:5      | Reached skill level 2 in Ranged Weapons
  6039 | D:5      | Reached skill level 5 in Spellcasting
  6055 | Temple   | Entered the Ecumenical Temple
  6074 | Temple   | Became a worshipper of Hepliaklqana the Forgotten
  6452 | D:5      | Noticed Blork the orc
  6458 | D:5      | Killed Blork the orc
  6459 | D:5      | Reached XP level 8. HP: 39/58 MP: 15/15
  6646 | D:6      | Noticed Edmund
  6657 | D:6      | Killed Edmund
  6658 | D:6      | Reached skill level 3 in Ranged Weapons
  6817 | D:6      | Reached * piety under Hepliaklqana
  6884 | D:6      | Noticed Maggie
  6989 | D:6      | Reached skill level 4 in Ranged Weapons
  6989 | D:6      | Reached skill level 5 in Poison Magic
  7694 | D:6      | Reached skill level 5 in Ranged Weapons
  8087 | D:6      | Reached skill level 6 in Ranged Weapons
  8087 | D:6      | Reached XP level 9. HP: 8/55 MP: 12/16
  8338 | D:6      | Killed Maggie
  8339 | D:6      | Reached skill level 7 in Ranged Weapons
  8613 | D:7      | Reached skill level 8 in Ranged Weapons
  8680 | D:7      | Noticed a white ugly thing
  9234 | D:7      | Reached skill level 9 in Ranged Weapons
  9650 | D:7      | Slain by a white ugly thing

Illustrated notes

Levels and vault maps discovered:
D:1:      dpeg_arrival_arbitrary_c, layout_basic, grunt_decor_clamped,
          dreamdust_princess_bridge
D:2:      layout_basic, basic_altar, st_stairs_12, chequers_serial_rivers_marsh
D:3:      layout_rooms, nemelex_diamond_rough_becter,
          hellmonk_ecumenical_altar_slurped_away, portal_sewer_entry_d
D:4:      layout_rooms, minmay_door_square, kennysheep_donut,
          dreamdust_mushroom_princess, kennysheep_pointless_box
D:5:      layout_loops_ring, minmay_temple_entry_glass, uniq_blork_the_orc
D:6:      layout_loops_corners, grunt_ministairs_3, uniq_maggie, uniq_edmund
D:7:      minmay_the_grid_triangle_9x9_rhombus_full
          [minmay_the_grid_triangle_9x9_tough_junction,
          minmay_the_grid_triangle_9x9_longest,
          minmay_the_grid_triangle_9x9_impossible_snake,
          minmay_the_grid_triangle_9x9_windchime,
          minmay_the_grid_triangle_9x9_limited_checkers,
          minmay_the_grid_triangle_9x9_zippers_horizontal,
          minmay_the_grid_triangle_9x9_negative_grid,
          minmay_the_grid_triangle_9x9_prize_schism], layout_loops_ring,
          uniq_joseph
D:8:      layout_rooms, hellmonk_sif_muna_bookshelves
Temple:   nicolae_temple_slightly_damp_pantheon

Skill      XL: |  1  2  3  4  5  6  7  8  9 |
---------------+----------------------------+-----
Conjurations   | 1 2 3 |  3.0
Fighting       | 1 2 3 |  3.0
Summonings     | 2 |  2.0
Spellcasting   | 4 5 |  5.0
Air Magic      | 1 2 3 |  3.0
Poison Magic   | 1 2 4 5 |  5.0
Ranged Weapons | 1 2 6 9 |  9.1
Dodging        | |  1.7
Stealth        | |  2.4
Translocations | |  0.8

Action                     |  1- 3 |  4- 6 |  7- 9 || total
---------------------------+-------+-------+-------++-------
  Melee: Dagger            |    52 |     8 |       ||    60
         Morningstar       |       |    42 |    40 ||    82
         Punch             |       |       |     1 ||     1
   Fire: Sling             |       |       |     9 ||     9
         Orcbow            |       |       |    64 ||    64
   Cast: Magic Dart        |    87 |    89 |   150 ||   326
         Call Imp          |       |     2 |     6 ||     8
         Mephitic Cloud    |       |       |     3 ||     3
 Invoke: Recall Ancestor   |       |       |     1 ||     1
         Ancestor Identity |       |       |     1 ||     1
  Evoke: Wand              |       |       |    11 ||    11
    Use: Potion            |     2 |     4 |       ||     6
         Scroll            |     5 |     2 |     4 ||    11
   Stab: Sleeping          |     1 |     1 |       ||     2
         Invisible         |       |     1 |       ||     1
         Distracted        |       |       |     1 ||     1
         Confused          |       |       |     1 ||     1
 Armour: Robe              |    41 |    60 |    50 ||   151
         Acid dragon scale |       |       |    14 ||    14
  Dodge: Dodged            |    70 |    46 |    48 ||   164

Table legend: (Time is in decaauts)
 A = Elapsed time spent in this place.
 B = Non-inter-level travel time spent in this place.
 C = Inter-level travel time spent in this place.
 D = Time resting spent in this place.
 E = Time spent auto-exploring this place.
 F = Levels seen in this place.
 G = Mean time per level.
                   A        B        C        D        E       F      G
               +--------+--------+--------+--------+--------+-----+--------+
         Total |   9740 |   9358 |    382 |    685 |   7249 |  10 |  974.0 |
       Dungeon |   9302 |   8956 |    346 |    576 |   7057 |   8 | 1162.8 |
        Temple |     38 |      2 |     36 |      0 |      0 |   1 |   38.0 |
         Sewer |    398 |    398 |      0 |    109 |    191 |   1 |  398.0 |
               +--------+--------+--------+--------+--------+-----+--------+

Top non-repeatable levels by time:
     D:6: 1792 daAuts
     D:1: 1623 daAuts
     D:2: 1393 daAuts
     D:5: 1368 daAuts
     D:4: 1053 daAuts
     D:3: 962 daAuts
     D:7: 956 daAuts
   Sewer: 398 daAuts
     D:8: 151 daAuts
  Temple: 38 daAuts
